 Dungeon Crawl Stone Soup version 0.31-a0-182-gc5ef74bbde (webtiles) character file.

Game seed: 9456294424002424016

27 qw the Shield-Bearer (level 3, -4/23 HPs)
             Began as a Gargoyle Fighter on June 20, 2023.
             Slain by Terence
             ... wielding a +0 trident
              (10 damage)
             ... on level 2 of the Dungeon.
             The game lasted 00:00:19 (959 turns).

qw the Shield-Bearer (Gargoyle Fighter)              Turns: 959, Time: 00:00:20

Health: -4/23      AC: 10    Str: 21    XL:     3   Next: 10%
Magic:  3/3        EV:  9    Int:  8    God:
Gold:   49         SH:  4    Dex:  9    Spells: 2/2 levels left

rFire   . . .        Y - +0 war axe
rCold   . . .        c - +0 buckler
rNeg    + . .        b - +0 scale mail
rPois   inf          (no helmet)
rElec   +            (no cloak)
rCorr   .            (no gloves)
SInv    .            (no boots)
Will    .....        (no amulet) Stlth
                     (no ring)
HPRegen 0.23/turn    (no ring)
MPRegen 0.08/turn

%: no passive effects
@: no status effects
A: sickness immunity, AC +3, negative energy resistance 1, electricity
resistance, torment resistance 1, petrification resistance
a: no special abilities


You were on level 2 of the Dungeon.
You visited 1 branch of the dungeon, and saw 2 of its levels.

You collected 49 gold pieces.


Innate Abilities, Weirdness & Mutations

You are immune to sickness and miasma.
Your stone body is resilient. (AC +3)
You are immune to poison.
You resist negative energy. (rN+)
You are resistant to electric shocks. (rElec)
You are resistant to unholy torment.
You are immune to petrification.


   Skills:
 - Level 3.2 Fighting
 - Level 3.0 Axes
 + Level 0.6 Throwing
 - Level 3.2 Armour
 - Level 3.2 Shields


You had 2 spell levels left.
You didn't know any spells.
Your spell library was empty.

Inventory:

Hand Weapons
 n - a +0 whip
 Y - a +0 war axe (weapon)
Missiles
 f - 3 silver javelins (quivered)
Armour
 b - a +0 scale mail (worn)
 c - a +0 buckler (worn)
Jewellery
 a - a +4 ring of protection
Potions
 d - a potion of might
 e - a potion of heal wounds {unknown}
 g - a potion of brilliance {unknown}
 h - a potion of resistance {unknown}
 i - a potion of curing
 k - a potion of lignification {unknown}

Dungeon Overview and Level Annotations

Branches:
Dungeon (2/15)

Altars:

Annotations:
D:2 Terence


Message History

There is a stone staircase leading down here.
You climb downwards.
The endoplasm quivers.
Found a diamond ring and 22 gold pieces.
There is a stone staircase leading up here.
An endoplasm is nearby!
Waypoint 1 assigned to D:2.
You throw a silver javelin.
The silver javelin pierces through the endoplasm!
You kill the endoplasm!
a - a +4 ring of protection You now have 35 gold pieces (gained 8).
f - 4 silver javelins (gained 1)
You now have 49 gold pieces (gained 14).
A bat comes into view.
Found 36 gold pieces.
You throw a silver javelin.
The silver javelin closely misses the bat.
You block the bat's attack.
You slash the bat!
You kill the bat!
Terence the Incautious comes into view.
He is wielding a +0 trident.
Terence shouts!
You see here a bat corpse.
951 ||| Stepping ~*~*~tactically~*~*~ (hiding).
952 ||| Stepping ~*~*~tactically~*~*~ (hiding).
You start waiting.
Terence is nearby!
Terence drinks a potion.
Terence goes berserk!
Terence closely misses you.
You see here a bat corpse.
You slash Terence!
Terence is moderately wounded.
You block Terence's attack. Terence hits you with a +0 trident!
You hit Terence but do no damage.
Terence is moderately wounded.
You block Terence's attack. Terence hits you with a +0 trident.
You slash Terence!
Terence is heavily wounded.
Terence hits you with a +0 trident! x2
You die...

#......#..###..#
####.#....#....#
.....##.#...#####
.##.#.............
# #.#....#...####
..######...#
.........###
...#####.# #@# #@#
..# .... .....
#...... ..$.($.
........#


You could see Terence (berserk).

Vanquished Creatures
  An endoplasm (D:2)
  2 giant cockroaches (D:1)
  2 goblins (D:1)
  3 hobgoblins (D:1)
  2 jackals (D:1)
  4 kobolds (D:1)
  A ball python (D:1)
  6 bats
  2 frilled lizards (D:1)
  2 rats (D:1)
25 creatures vanquished.

Notes
Turn   | Place    | Note
-------+----------+-------------------------------------------
     0 | D:1      | qw the Gargoyle Fighter began the quest for the Orb.
     0 | D:1      | Reached XP level 1. HP: 14/14 MP: 1/1
     0 | D:1      | 0 ||| qw: Version: 0.3-a-9-g12657ce
     0 | D:1      | 0 ||| qw: Game counter: 1469
     0 | D:1      | 0 ||| qw: Always use a shield: true
     0 | D:1      | 0 ||| qw: God list: Okawaru
     0 | D:1      | 0 ||| qw: Allow faded altars: false
     0 | D:1      | 0 ||| qw: Do Orc after D:15 true
     0 | D:1      | 0 ||| qw: Do second Lair branch before Depths: true
     0 | D:1      | 0 ||| qw: Lair rune preference: random
     0 | D:1      | 0 ||| qw: Plans: Normal, Zot:1-4, Slime:5, God:TSO, Crypt,
                  | Tomb, Abyss, Pan, Hells, Win
     0 | D:1      | 0 ||| PLANNING D:1-11
    18 | D:1      | 18 ||| Stepping ~*~*~tactically~*~*~ (stealth).
   120 | D:1      | Reached XP level 2. HP: 19/19 MP: 2/2
   356 | D:1      | Reached skill level 3 in Axes
   561 | D:1      | Reached XP level 3. HP: 23/23 MP: 3/3
   590 | D:1      | 590 ||| Stepping ~*~*~tactically~*~*~ (hiding).
   777 | D:1      | 777 ||| READING scroll labelled DOIWEON PACVO.
   793 | D:1      | 793 ||| READING scroll labelled ROICIMAECK.
   794 | D:1      | 794 ||| DRINKING 2 fuming green potions.
   795 | D:1      | 795 ||| DRINKING 2 fuming emerald potions.
   900 | D:1      | 900 ||| DROPPING potion of berserk rage.
   950 | D:2      | Noticed Terence
   951 | D:2      | 951 ||| Stepping ~*~*~tactically~*~*~ (hiding).
   952 | D:2      | 952 ||| Stepping ~*~*~tactically~*~*~ (hiding).
   959 | D:2      | Slain by Terence

Levels and vault maps discovered:
D:1:      saegor_arrival_simple_d, layout_rooms, minmay_misc_feat_cross
D:2:      layout_basic, serial_rivers, chequers_serial_rivers_micro_e,
          chequers_serial_rivers_small_3, chequers_serial_rivers_small_a,
          chequers_serial_rivers_small_3, chequers_serial_rivers_micro_e,
          chequers_serial_rivers_micro_c, basic_altar,
          nicolae_ecumenical_snake_handling, uniq_robin, uniq_terence

Skill      XL: |  1  2 |
---------------+-------+-----
Axes           | 2 3 |  3.0
Fighting       | |  3.2
Throwing       | |  0.6
Armour         | |  3.2
Shields        | |  3.2

Action                     || total
---------------------------++-------
  Melee: War axe           ||    39
  Throw: Javelin           ||    22
    Use: Scroll            ||     2
         Potion            ||     2
 Armour: Scale mail        ||    22
  Dodge: Dodged            ||    19
  Block: Buckler           ||    10

Table legend:
 A = Non-vault XP
 B = Vault XP
 C = Vault XP percentage of total XP
 D = Non-vault monster count
 E = Vault monster count
 F = Vault count percentage of total count
                 A         B        C        D         E       F
            +---------+---------+-------+---------+---------+-------
      Total |      39 |       0 |   0.0 |      25 |       0 |   0.0
            +---------+---------+-------+---------+---------+-------
        D:1 |      36 |       0 |   0.0 |      23 |       0 |   0.0
        D:2 |       3 |       0 |   0.0 |       2 |       0 |   0.0
            +---------+---------+-------+---------+---------+-------
